 Dungeon Crawl Stone Soup version 0.31-a0-271-gb88eb75e06 (webtiles) character file.

Game seed: 14642311852092111259

112 qw the Shooter (level 4, 0/26 HPs)
             Began as a Gargoyle Hexslinger on July 14, 2023.
             Slain by a frilled lizard (2 damage)
             ... on level 2 of the Dungeon.
             The game lasted 00:00:20 (1171 turns).

qw the Shooter (Gargoyle Hexslinger)                Turns: 1171, Time: 00:00:21

Health: 0/26       AC:  5    Str: 12    XL:     4   Next: 95%
Magic:  5/5        EV: 12    Int: 13    God:
Gold:   87         SH:  0    Dex: 14    Spells: 4/5 levels left

rFire   . . .        Y - +1 sling
rCold   . . .        (no shield)
rNeg    + . .        c - +0 robe
rPois   inf          (no helmet)
rElec   +            (no cloak)
rCorr   .            (no gloves)
SInv    .            (no boots)
Will    .....        (no amulet)
Stlth   +            (no ring)
HPRegen 0.24/turn    (no ring)
MPRegen 0.09/turn

%: no passive effects
@: no status effects
A: sickness immunity, AC +3, negative energy resistance 1, electricity
resistance, torment resistance 1, petrification resistance
a: no special abilities


You were on level 2 of the Dungeon.
You visited 1 branch of the dungeon, and saw 2 of its levels.

You collected 87 gold pieces.


Innate Abilities, Weirdness & Mutations

You are immune to sickness and miasma.
Your stone body is resilient. (AC +3)
You are immune to poison.
You resist negative energy. (rN+)
You are resistant to electric shocks. (rElec)
You are resistant to unholy torment.
You are immune to petrification.


   Skills:
 - Level 2.0 Fighting
 + Level 4.6 Ranged Weapons
 - Level 1.5 Dodging
 - Level 1.0 Spellcasting
 - Level 2.6 Hexes


You had 4 spell levels left.
You knew the following spells:

 Your Spells              Type           Power      Damage    Failure   Level
a - Slow                  Hex            28%        N/A       10%         1

Your spell library contained the following spells:

 Spells                   Type           Power      Damage    Failure   Level
 Inner Flame              Hex/Fire       4%         N/A       43%         3
 Portal Projectile        Hex/Tloc       8%         N/A       43%         3
 Cause Fear               Hex            3%         N/A       67%         4

Inventory:

Hand Weapons
 Y - a +1 sling (weapon)
Armour
 c - a +0 robe (worn)
 e - a +0 ring mail
Scrolls
 b - 3 scrolls of identify {unknown}
 f - a scroll of blinking {unknown}
Potions
 a - a potion of curing {unknown}
 d - a potion of lignification {unknown}
 g - a potion of might {unknown}
 h - a potion of mutation {unknown}

Dungeon Overview and Level Annotations

Branches:
Dungeon (2/15)

Altars:


Message History

Enter note:
Enter note:
Enter note:
Enter note:
Enter note:
Enter note: A worm comes into view.
Enter note:
Enter note:
Enter note:
Enter note:
Enter note:
Enter note:
Enter note:
Enter note:
Enter note: You shoot a sling bullet.
The sling bullet hits the worm.
The worm is lightly wounded.
A frilled lizard comes into view.
You shoot a sling bullet.
The sling bullet barely misses the worm.
You shoot a sling bullet. The sling bullet hits the worm.
The worm is moderately wounded.
The frilled lizard bites you but does no damage.
A dart slug comes into view.
The worm bites you!
You shoot a sling bullet. The sling bullet hits the worm.
The worm is moderately wounded.
The frilled lizard barely misses you.
You shoot a sling bullet.
The sling bullet barely misses the worm.
The frilled lizard barely misses you. The worm bites you!
You shoot a sling bullet. The sling bullet hits the worm.
The worm is moderately wounded.
The frilled lizard closely misses you. The worm bites you!
You shoot a sling bullet.
The sling bullet barely misses the worm.
The frilled lizard completely misses you.
The frilled lizard bites you.
You die...

#### ### #... ..# ##
#..# .#w.# ##wl# ###.@#
##...## ###..#..#
#....##..# #.#### #..#
#...######.# #..#
...........# #...
#...######.#############
#.............#


You could see a worm, a dart slug and a frilled lizard.

Vanquished Creatures
  A black bear (D:2)
  4 endoplasms
  A hobgoblin (D:1)
  8 jackals
  2 quokkas
  2 bats (D:1)
  A frilled lizard (D:1)
  A goblin (D:2)
  A kobold (D:1)
  2 rats (D:1)
23 creatures vanquished.

Notes
Turn   | Place    | Note
-------+----------+-------------------------------------------
     0 | D:1      | qw the Gargoyle Hexslinger began the quest for the Orb.
     0 | D:1      | Reached XP level 1. HP: 12/12 MP: 2/2
     0 | D:1      | 0 ||| qw: Version: 0.3-a-52-g30416fa
     0 | D:1      | 0 ||| qw: Game counter: 7964
     0 | D:1      | 0 ||| qw: Melee chars always use a shield: true
     0 | D:1      | 0 ||| qw: God list: Okawaru
     0 | D:1      | 0 ||| qw: Allow faded altars: false
     0 | D:1      | 0 ||| qw: Do Orc after clearing Dungeon:15 true
     0 | D:1      | 0 ||| qw: Do second Lair branch before Depths: true
     0 | D:1      | 0 ||| qw: Lair rune preference: random
     0 | D:1      | 0 ||| qw: Goals: Normal
     0 | D:1      | 0 ||| PLANNING D:1-11
   104 | D:1      | Reached XP level 2. HP: 16/16 MP: 3/3
   179 | D:1      | Reached skill level 3 in Ranged Weapons
   533 | D:1      | 533 ||| READING scroll labelled DUCANK CIAPP.
   538 | D:1      | 538 ||| READING scroll labelled PIOV ATUN.
   539 | D:1      | 539 ||| DROPPING scroll of poison.
   639 | D:2      | Reached XP level 3. HP: 21/21 MP: 4/4
   713 | D:2      | Noticed a black bear
   720 | D:2      | Killed a black bear
   721 | D:2      | Reached skill level 4 in Ranged Weapons
   721 | D:2      | Reached XP level 4. HP: 13/26 MP: 5/5
  1170 | D:2      | HP: 2/26 [worm (8)]
  1171 | D:2      | Slain by a frilled lizard

Levels and vault maps discovered:
D:1:      minmay_arrival_glassed_features, layout_loops_ring
D:2:      minmay_diamond_boxcup, layout_loops_ring

Skill      XL: |  1  2  3 |
---------------+----------+-----
Ranged Weapons | 3 4 |  4.6
Fighting       | 2 |  2.0
Dodging        | |  1.5
Spellcasting   | |  1.0
Hexes          | |  2.6

Action                     |  1- 3 |  4- 6 || total
---------------------------+-------+-------++-------
   Fire: Sling             |    67 |    12 ||    79
    Use: Scroll            |     2 |       ||     2
 Armour: Robe              |    14 |     1 ||    15
  Dodge: Dodged            |    42 |     4 ||    46

Table legend:
 A = Non-vault XP
 B = Vault XP
 C = Vault XP percentage of total XP
 D = Non-vault monster count
 E = Vault monster count
 F = Vault count percentage of total count
                 A         B        C        D         E       F
            +---------+---------+-------+---------+---------+-------
      Total |     161 |       0 |   0.0 |      23 |       0 |   0.0
            +---------+---------+-------+---------+---------+-------
        D:1 |      24 |       0 |   0.0 |      15 |       0 |   0.0
        D:2 |     137 |       0 |   0.0 |       8 |       0 |   0.0
            +---------+---------+-------+---------+---------+-------
